 Dungeon Crawl Stone Soup version 0.29.1-12-g30fa7ad0bf (webtiles) character file.

Game seed: 3286785728969088847

15 FaviusArthum the Trooper (level 2, 27/27 HPs)
             Began as a Minotaur Abyssal Knight on Jan 5, 2023.
             Was a Believer of Lugonu.
             Quit the game on level 1 of the Dungeon.
             The game lasted 00:03:10 (513 turns).

FaviusArthum the Trooper (Minotaur Abyssal Knight)   Turns: 513, Time: 00:03:10

Health: 27/27      AC:  5    Str: 17    XL:     2   Next: 34%
Magic:  2/2        EV: 10    Int:  7    God:    Lugonu [**....]
Gold:   0          SH:  0    Dex: 10    Spells: 1/1 levels left

rFire   . . .      SeeInvis .   a - +1 falchion
rCold   . . .      Faith    .   (no shield)
rNeg    . . .      Spirit   .   d - +0 ring mail
rPois   .          Reflect  .   (helmet restricted)
rElec   .          Harm     .   (no cloak)
rCorr   .          Rampage  .   (no gloves)
Will    .....                   (no boots)
Stlth   ..........              (no amulet)
HPRegen 0.09/turn               (no ring)
MPRegen 0.08/turn               (no ring)

@: no status effects
A: horns 2, retaliatory headbutt
a: Renounce Religion, Depart the Abyss, Bend Space


You were on level 1 of the Dungeon.
You worshipped Lugonu.
Lugonu was pleased with you.
You visited 1 branch of the dungeon, and saw 1 of its levels.
You visited the Abyss 1 time.

Inventory:

Hand Weapons
 a - a +1 falchion (weapon)
Armour
 b - a +0 leather armour
 d - a +0 ring mail (worn)
Jewellery
 c - a +4 ring of evasion


   Skills:
 + Level 4.1 Fighting
 + Level 2.6 Long Blades
 + Level 2.6 Armour
 + Level 1.2 Dodging
 + Level 2.1 Invocations


You had one spell level left.
You didn't know any spells.
Your spell library was empty.

Dungeon Overview and Level Annotations

Branches:
Dungeon (1/15)

Altars:


Innate Abilities, Weirdness & Mutations

You have a pair of horns on your head.
You reflexively headbutt those who attack you in melee.


Message History

You hit the giant cockroach. You headbutt the giant cockroach.
You kill the giant cockroach!
Lugonu accepts your kill.
Your Invocations skill increases to level 2!
You hit the goblin but do no damage. The goblin hits you but does no damage.
The goblin hits you with a +0 club.
You hit the goblin.
You kill the goblin!
Lugonu accepts your kill.
Things that are here:
a +0 club; a goblin corpse A hobgoblin comes into view.
The hobgoblin shouts!
The hobgoblin barely misses you. You furiously retaliate!
You headbutt the hobgoblin. You barely miss the hobgoblin.
Your headbutt misses the hobgoblin.
The hobgoblin is moderately wounded.
The hobgoblin hits you but does no damage.
You closely miss the hobgoblin.
The hobgoblin is moderately wounded.
The hobgoblin hits you.
You hit the hobgoblin.
You kill the hobgoblin!
Lugonu accepts your kill.
You open the door.
A frilled lizard comes into view.
There is an open door here.
You barely miss the frilled lizard.
Your headbutt misses the frilled lizard.
The frilled lizard bites you.
You slash the frilled lizard!
You kill the frilled lizard!
Lugonu accepts your kill.
Found a chain mail.
You see here a +0 chain mail.
Unknown command.
Welcome back, FaviusArthum the Minotaur Abyssal Knight.
Lugonu says: Spread carnage and corruption!
Press ? for a list of commands and other information.
Are you sure you want to abandon this character and quit the game? (Confirm with "yes".)

#### #.. #.#
### #@#
#######.. #.#
......#.# #.#
.......# #.#
#.###...######
#######.#
>[............
#.....#.#
.######.#....#
#.....#.#
######.#.##.#
#.......#
#......#.##.#
#.....###
#.#########.#


There were no monsters in sight!

Vanquished Creatures
  A dart slug (D:1)
  2 bats (D:1)
  An endoplasm (D:1)
  A giant cockroach (D:1)
  A hobgoblin (D:1)
  3 frilled lizards (D:1)
  A goblin (D:1)
  4 rats (D:1)
14 creatures vanquished.

Notes
Turn   | Place    | Note
-------+----------+-------------------------------------------
     0 | Abyss:1  | FaviusArthum the Minotaur Abyssal Knight began the quest
                  | for the Orb.
     0 | Abyss:1  | Reached XP level 1. HP: 19/19 MP: 1/1
    23 | D:1      | Escaped the Abyss
   183 | D:1      | Found a faded altar of an unknown god.
   272 | D:1      | Reached skill level 4 in Fighting
   397 | D:1      | Reached XP level 2. HP: 25/27 MP: 2/2
   513 | D:1      | Quit the game

Illustrated notes

Levels and vault maps discovered:
D:1:      spicycebolla_arrival_xxxplode, layout_basic,
          ebering_ecumenical_altar_ruins

Skill      XL: |  1  2 |
---------------+-------+-----
Fighting       | 4 |  4.1
Invocations    | 2 |  2.1
Long Blades    | |  2.6
Armour         | |  2.6
Dodging        | |  1.2

Action                   || total
-------------------------++-------
Melee: Falchion          ||    29
       Headbutt          ||     5
Invok: Bend Space        ||     1
Armor: Leather armour    ||    10
       Ring mail         ||     5
Dodge: Dodged            ||    14
